Map: Para Site LE

Players

woof - Winner!

  • Race: Zerg Zerg
  • League: Diamond
  • Spawn Location: 5:00

StillOnFire

  • Race: Zerg Zerg
  • League: Platinum
  • Spawn Location: 11:00

VOD

Have the link to the VOD?

Description

Time

  • Played on: Nov. 11, 2018, 10:08 p.m.
  • Length: 6:18
Show
View Real Time Build Order
Export as new Build Order

woof Zerg - Winner!

Build Orders: Hatch First 

Get SALT Encoding   

  12  0:02  Drone  
  13  0:12  Overlord  
  13  0:16  Drone  
  14  0:32  Drone x2  
  14  0:35  Drone  
  17  0:55  Hatchery  
  16  1:07  Drone x2  
  18  1:16  Extractor  
  17  1:20  Spawning Pool  
  16  1:29  Drone x3  
  19  1:40  Overlord  
  19  1:52  Drone  
  20  2:12  Queen x2  
  20  2:13  Drone  
  20  2:14  Zergling x4  
  27  2:18  Drone  
  27  2:22  Roach Warren  
  27  2:27  Drone  
  27  2:29  Metabolic Boost  
  28  2:34  Drone  
  28  2:35  Drone  
  30  2:39  Overlord  
  30  2:45  Overlord  
  30  3:07  Roach x4  
  38  3:16  Roach  
  38  3:19  Roach  
  42  3:22  Zergling x6  
  42  3:26  Roach  
  33  3:34  Zergling x4  
  33  3:35  Zergling x2  
  35  3:41  Zergling x2  
  35  3:43  Zergling x2  
  35  3:49  Drone  
  35  3:54  Zergling x2, Roach  
  38  4:04  Zergling x2  
  39  4:12  Zergling x2  
  42  4:24  Roach  
  42  4:31  Zergling x2  
  35  4:43  Roach  
  35  4:51  Drone  
  32  5:04  Roach  
  28  5:12  Roach  
  23  5:20  Zergling x2  
  22  5:28  Roach  
  24  5:41  Roach  
  24  5:42  Zergling x2  
  27  5:49  Drone  
  28  5:57  Roach  
Show
View Real Time Build Order
Export as new Build Order

StillOnFire Zerg 

Build Orders: 1 Base Baneling Bust, Pool First, Zergling Baneling 

Get SALT Encoding   

  12  0:01  Drone  
  13  0:08  Drone  
  14  0:29  Spawning Pool, Drone  
  14  0:33  Extractor  
  13  0:39  Overlord  
  13  0:44  Drone  
  14  0:51  Overlord  
  14  1:00  Drone  
  15  1:08  Drone  
  16  1:18  Drone  
  17  1:26  Queen  
  17  1:28  Baneling Nest  
  17  1:31  Drone  
  19  1:42  Overlord  
  19  2:06  Metabolic Boost  
  19  2:08  Zergling x4  
  20  2:09  Zergling x2  
  22  2:19  Zergling x2  
  23  2:28  Evolution Chamber  
  22  2:33  Zergling x2  
  22  2:34  Zergling x4  
  22  2:35  Zergling x2  
  26  2:43  Drone  
  27  2:52  Hatchery  
  26  3:00  Baneling x5  
  26  3:02  Baneling  
  26  3:06  Drone  
  26  3:10  Zergling x2  
  28  3:13  Drone  
  29  3:23  Drone x2  
  27  3:37  Zergling x4  
  28  3:48  Zergling x6  
  27  3:59  Zergling x2  
  28  4:04  Queen  
  28  4:05  Zergling x2  
  28  4:07  Zergling x2  
  32  4:11  Spine Crawler  
  32  4:15  Baneling x2  
  31  4:19  Spine Crawler  
  29  4:30  Zergling x2  
  29  4:31  Zergling x6  
  26  4:32  Zergling x2  
  27  4:43  Zergling x2  
  18  4:58  Zergling x2  
  3  5:31  Drone  
  4  5:51  Baneling  
  4  5:53  Baneling  
Tags
 
Add a new tag
Caveats
  • Supply blocks, unpowered buildings, or Contaminate may cause inaccurate times.
  • Supply counts are checked every 10 seconds.